cohdb
Replays
Latest Replays
All Replays
Popular Replays
Top Player Replays
Match Explorer
How It Works
Community
CoH3 Stats
Reddit
Sign in to upload your games and track your stats! →
Sign in with Steam
Match 41403541
Unlisted
Match 41403541
Overview
Messages
Build Orders
End
Vickers Machine Gun Team
Construct Section Command Post
Dingo Light Scout Car
Infantry Section
Infantry Section
Construct Platoon Command Post
Infantry Section
Selects Air and Sea Battlegroup
Selects Supply Surplus
Construct Field Infirmary
Forward Retreat Point
Infantry Training
Unlock Bishop Self-propelled Artillery
Selects Commando Section Paradrop
Selects Commando Support Section Paradrop
Bishop Self-propelled Artillery
Grenade Package
Bishop Self-propelled Artillery
Raiden
Khemerak
Ashirvad Patel
AAAAAAAA
我小叮当今晚要搞事!
Skibidi Rizzler
$nackzor
$teenzor
0
0
Comments
sign in to comment!
No comments posted yet!